 Dungeon Crawl Stone Soup version 0.31-a0-18-gea43df2a32 (webtiles) character file.

Game seed: 7375675254580089859

230 BlueFish the Conjurer (level 5, 0/41 HPs)
             Began as a Draconian Conjurer on May 9, 2023.
             Succumbed to an adder's poison
             ... in a sewer.
             The game lasted 00:08:17 (3149 turns).

BlueFish the Conjurer (Draconian Conjurer)          Turns: 3149, Time: 00:08:17

Health: 0/41       AC:  6    Str:  9    XL:     5   Next: 72%
Magic:  4/9        EV: 11    Int: 21    God:
Gold:   154        SH:  3    Dex:  9    Spells: 6/9 levels left

rFire   + . .        p - +1 hand axe of Impermanence {freeze, rC+ rN+ Will-}
rCold   + + .        f - +0 buckler
rNeg    + . .        (body armour unavailable)
rPois   +            (helmet restricted)
rElec   +            (no cloak)
rCorr   +            g - +0 pair of gloves
SInv    .            (no boots)
Will    .....        (no amulet)
Stlth   ++           (no ring)
HPRegen 0.26/turn    (no ring)
MPRegen 0.11/turn

%: no passive effects
@: lethally poisoned (0 -> -4), resistant, hasted, very quick
A: AC +5, unfitting armour, cold-blooded
a: no special abilities


You were in a sewer.
You visited 1 branch of the dungeon, and saw 3 of its levels.
You also visited: Sewer.

You collected 154 gold pieces.

Inventory:

Hand Weapons
 c - a +0 club
 d - a +0 short sword
 l - a +0 dagger of draining
 p - the +1 hand axe of Impermanence (weapon) {freeze, rC+ rN+ Will-}
   (You found it on level 3 of the Dungeon)

   rC:        It protects you from cold.
   rN:        It protects you from negative energy.
   Will:      It decreases your willpower.
Armour
 f - a +0 buckler (worn)
 g - a +0 pair of gloves (worn)
Wands
 o - a wand of roots (5)
Scrolls
 b - 2 scrolls of identify {unknown}
 i - a scroll of blinking {unknown}
 j - a scroll of enchant weapon {unknown}
 k - a scroll of magic mapping {unknown}
 m - a scroll of brand weapon {unknown}
 n - a scroll of immolation {unknown}
 s - a scroll of teleportation {unknown}
 u - a scroll of poison {unknown}
Potions
 a - 2 potions of magic
 e - a potion of haste
 q - a potion of heal wounds {unknown}
 r - a potion of ambrosia {unknown}
 t - a potion of cancellation {unknown}


   Skills:
 + Level 2.0 Fighting
 - Level 0.6 Short Blades
 + Level 1.0 Axes
 + Level 2.6 Dodging
 + Level 2.8 Stealth
 + Level 1.6 Shields
 + Level 2.8 Spellcasting
 + Level 4.6 Conjurations


You had 6 spell levels left.
You knew the following spells:

 Your Spells              Type           Power      Damage    Failure   Level
a - Magic Dart            Conj           88%        1d7       3%          1
b - Searing Ray           Conj           44%        2d6       4%          2

Your spell library contained the following spells:

 Spells                   Type           Power      Damage    Failure   Level
 Beastly Appendage        Tmut           6%         N/A       21%         1
 Dazzling Flash           Conj/Hex       24%        N/A       24%         3
 Wereblood                Tmut           3%         N/A       30%         2
 Spider Form              Tmut/Pois      3%         N/A       52%         3
 Fulminant Prism          Conj/Hex       6%         3d6       61%         4
 Iskenderun's Mystic Bla  Conj/Tloc      12%        2d5       61%         4


Dungeon Overview and Level Annotations

Branches:
Dungeon (3/15)              Sewer (1/1)

Altars:


Innate Abilities, Weirdness & Mutations

Your plain brown scales are hard. (AC +5)
You cannot fit into any form of body armour.
You are cold-blooded and may be slowed by cold attacks.


Message History

The adder misses you.
The frilled lizard bites you but does no damage.
You closely miss the bullfrog. You hit the adder but do no damage.
You barely miss the adder. You hit the bullfrog.
The bullfrog seems to slow down.
You freeze the bullfrog.
You kill the bullfrog!
You hit the ball python. You freeze the ball python.
You closely miss the frilled lizard. You block the bullfrog's attack.
The ball python bites you but does no damage.
The ball python barely misses you. The adder bites you but does no damage.
The adder bites you. The bullfrog hits you. The ball python barely misses you.
The ball python closely misses you. You block the frilled lizard's attack.
The adder bites you but does no damage. The adder closely misses you.
Your Fighting skill increases to level 2!
Your Axes skill increases to level 1!
You barely miss the bullfrog. You hit the frilled lizard.
The frilled lizard seems to slow down.
You freeze the frilled lizard.
You kill the frilled lizard!
You barely miss the ball python. You miss the frilled lizard.
You hit the adder. You freeze the adder. You hit the adder.
The adder seems to slow down.
You freeze the adder. The bullfrog misses you.
The ball python closely misses you. The ball python barely misses you.
The adder bites you.
* * * LOW HITPOINT WARNING * * *
You are poisoned.
The adder poisons you! You block the frilled lizard's attack.
You block the bullfrog's attack. The adder bites you but does no damage.
The ball python bites you but does no damage.
The ball python completely misses you. The adder misses you.
It was a potion of haste.
You feel yourself speed up.
You feel sick. The bullfrog hits you!
* * * LOW HITPOINT WARNING * * *
The frilled lizard closely misses you. The ball python bites you.
* * * LOW HITPOINT WARNING * * *
The ball python closely misses you. The adder closely misses you.
The adder bites you but does no damage.
The bullfrog hits you but does no damage.
It was a potion of resistance.
You feel protected.
You die...

~..~.#
##~~.~##
≈≈≈~≈#
#≈≈#~≈≈#
≈≈≈~≈#
#≈≈~≈≈≈#
≈≈≈~≈#
#≈≈~≈≈≈#
≈≈~≈≈#
#≈≈~~≈≈#
~~≈≈≈#
#≈≈≈~≈≈#
≈≈≈≈≈#
#≈≈≈≈~≈#
~≈≈≈≈#
#≈≈≈lF≈#
~..~≈#
#≈≈≈S@S#
~†.~≈#
#≈≈≈S~≈#
.~~~##
#≈≈≈~#≈#
≈≈≈~~#
#≈≈≈~≈≈#
≈≈≈≈~#
#≈≈~~≈≈#
≈≈~~≈#
#≈≈~≈≈≈#
≈~≈≈≈#
#≈≈~≈≈≈#
≈~≈≈≈#
#####≈≈~≈≈≈#
.~.~.#
#..##....~##


You could see a bullfrog, 2 adders, a ball python and a frilled lizard.

Vanquished Creatures
  A bullfrog (Sewer)
  6 adders
  A river rat (Sewer)
  5 worms
  2 dart slugs (D:2)
  An orc (D:3)
  6 endoplasms
  3 giant cockroaches
  7 goblins
  6 hobgoblins
  6 kobolds
  13 ball pythons
  4 bats
  11 frilled lizards
  33 rats
105 creatures vanquished.

Notes
Turn   | Place    | Note
-------+----------+-------------------------------------------
     0 | D:1      | BlueFish the Draconian Conjurer began the quest for the
                  | Orb.
     0 | D:1      | Reached XP level 1. HP: 14/14 MP: 3/3
   366 | D:1      | Reached XP level 2. HP: 18/22 MP: 0/5
   369 | D:1      | Learned a level 2 spell: Searing Ray
   548 | D:1      | Found a faded altar of an unknown god.
  1471 | D:2      | Reached skill level 1 in Fighting
  1482 | D:2      | Reached XP level 3. HP: 7/28 MP: 1/6
  2214 | D:3      | Reached XP level 4. HP: 35/35 MP: 2/7
  2244 | D:3      | Identified the +1 hand axe of Impermanence {freeze, rC+ rN+
                  | Will-}
  2339 | D:3      | Reached skill level 1 in Shields
  2391 | D:3      | Found a glowing drain.
  2415 | Sewer    | Entered a sewer
  3037 | Sewer    | Reached XP level 5. HP: 41/41 MP: 5/8
  3147 | Sewer    | Reached skill level 1 in Axes
  3148 | Sewer    | HP: 1/41 [ball python (2)]
  3149 | Sewer    | Succumbed to an adder's poison

Illustrated notes

Levels and vault maps discovered:
D:1:      wheals_arrival_linesprint, layout_basic,
          chequers_ecumenical_altar_grove
D:2:      minmay_evil_eye, layout_rooms, serial_bayou, serial_bayou_pond_d,
          serial_bayou_shore_a, serial_bayou_crossing, serial_bayou_pond_d
D:3:      layout_rooms, cheibrodos_sewer_entry_bend, kennysheep_generic_room_15
Sewer:    sewer_minmay_w

Skill      XL: |  1  2  3  4  5 |
---------------+----------------+-----
Stealth        | 2 |  2.8
Dodging        | 2 |  2.6
Fighting       | 1 2 |  2.0
Shields        | 1 |  1.6
Axes           | 1 |  1.0
Short Blades   | |  0.6
Spellcasting   | |  2.8
Conjurations   | |  4.6

Action                     |  1- 3 |  4- 6 || total
---------------------------+-------+-------++-------
  Melee: Short sword       |    50 |       ||    50
         Unarmed           |     6 |       ||     6
         Club              |     2 |       ||     2
         Tailslap          |     4 |     5 ||     9
         Dagger            |    11 |     6 ||    17
         Hand axe          |       |    55 ||    55
   Cast: Magic Dart        |    70 |    50 ||   120
         Searing Ray       |     1 |     4 ||     5
  Evoke: Wand              |       |     1 ||     1
    Use: Potion            |       |     3 ||     3
 Armour: Skin              |    15 |    50 ||    65
  Dodge: Dodged            |    39 |    63 ||   102
  Block: Buckler           |     3 |    18 ||    21

Table legend: (Time is in decaauts)
 A = Elapsed time spent in this place.
 B = Non-inter-level travel time spent in this place.
 C = Inter-level travel time spent in this place.
 D = Time resting spent in this place.
 E = Time spent auto-exploring this place.
 F = Levels seen in this place.
 G = Mean time per level.
                   A        B        C        D        E       F      G
               +--------+--------+--------+--------+--------+-----+--------+
         Total |   3251 |   3147 |    104 |      0 |   2493 |   4 |  812.8 |
       Dungeon |   2451 |   2347 |    104 |      0 |   1953 |   3 |  817.0 |
         Sewer |    799 |    799 |      0 |      0 |    539 |   1 |  799.0 |
               +--------+--------+--------+--------+--------+-----+--------+

Top non-repeatable levels by time:
     D:1: 1187 daAuts
     D:2: 1043 daAuts
   Sewer: 799 daAuts
     D:3: 220 daAuts
